[Event "ONJK-B 2019"]
[Site "Borne"]
[Date "2019.08.07"]
[Round "4.2"]
[White "Mainka, Alwin"]
[Black "Rogge, Parcival"]
[Result "1/2-1/2"]
[ECO "B91"]
[WhiteElo "1989"]
[BlackElo "1743"]
[Annotator "NA"]
[PlyCount "70"]
[EventDate "2019.08.05"]
[EventType "swiss"]
[EventCountry "NED"]
[SourceTitle "playchess.com"]
[Source "ChessBase"]
[SourceQuality "1"]
[TimeControl "5400+30"]

1. e4 c5 2. Nf3 d6 3. d4 cxd4 4. Nxd4 Nf6 5. Nc3 a6 6. g3 e5 7. Nde2 Be7 8. Bg5 Nbd7 9. Bg2 b5 10. a4 bxa4 11. O-O O-O 12. Rxa4 Bb7 13. Bxf6 Nxf6 14. Qd2 Qb6 15. Raa1 Rac8 16. h3 Rfd8 17. Rab1 Qc5 18. Rfd1 Rd7 19. g4 h6 20. Ng3 Qc4 21. Qd3 Qxd3 22. Rxd3 g6 23. Nf1 Kf8 24. Ne3 Bd8 25. Rc1 Ba5 26. Ncd5 Nxd5 27. Nxd5 Bxd5 28. Rxd5 Rc5 29. Rcd1 Rxd5 30. Rxd5 Bd8 31. Bf1 a5 32. c4 Bb6 33. Rb5 Bd4 34. b3 Ra7 35. Rd5 Bc5 1/2-1/2

[Event "ONJK-B 2019"]
[Site "Borne"]
[Date "2019.08.07"]
[Round "4.3"]
[White "Molanus, Lennart"]
[Black "Albertus, Bram"]
[Result "0-1"]
[ECO "A92"]
[WhiteElo "1619"]
[BlackElo "1841"]
[Annotator "NA"]
[PlyCount "54"]
[EventDate "2019.08.05"]
[EventType "swiss"]
[EventCountry "NED"]
[SourceTitle "playchess.com"]
[Source "ChessBase"]
[SourceQuality "1"]
[TimeControl "5400+30"]

1. d4 f5 2. g3 Nf6 3. Bg2 e6 4. Nf3 d5 5. c4 c6 6. O-O Be7 7. Qc2 O-O 8. c5 Nbd7 9. Nc3 Ne4 10. a4 a5 11. Na2 b6 12. b4 bxc5 13. dxc5 Qc7 14. Nd4 Nb8 15. f3 Nf6 16. e4 Qa7 17. Bf4 axb4 18. Nb3 Ba6 19. Nxb4 Bc4 20. Bxb8 Rfxb8 21. Nxc6 Bxb3 22. Nxa7 Bxc2 23. Nc6 Bxc5+ 24. Kh1 Rc8 25. Rfc1 Bxa4 26. Bf1 Bxc6 27. Rxa8 Bxa8 0-1

[Event "ONJK-B 2019"]
[Site "Borne"]
[Date "2019.08.07"]
[Round "4.4"]
[White "Klaren, Oscar"]
[Black "Hubers, Daan"]
[Result "1-0"]
[ECO "C02"]
[WhiteElo "1761"]
[BlackElo "1512"]
[Annotator "NA"]
[PlyCount "111"]
[EventDate "2019.08.05"]
[EventType "swiss"]
[EventCountry "NED"]
[SourceTitle "playchess.com"]
[Source "ChessBase"]
[SourceQuality "1"]
[TimeControl "5400+30"]

1. e4 e6 2. d4 d5 3. e5 c5 4. c3 Nc6 5. Nf3 Qb6 6. a3 a5 7. Be2 cxd4 8. cxd4 Nge7 9. O-O Nf5 10. Be3 Bd7 11. Nc3 Be7 12. Qd2 O-O 13. Rfd1 f6 14. Bf4 a4 15. Bb5 fxe5 16. Bxc6 Bxc6 17. Nxe5 Bf6 18. Rac1 Bb5 19. Nxb5 Qxb5 20. Rc5 Qa6 21. Qc3 Bxe5 22. Bxe5 Rf7 23. Rc1 Raf8 24. Rc2 h6 25. Ra5 Qb6 26. Rxa4 Qb5 27. Rb4 Qa6 28. Qb3 b5 29. Rxb5 Ne3 30. Re2 Rc8 31. Re1 Ng4 32. Bg3 Nf6 33. Rb6 Qa5 34. Qb4 Qa7 35. Rbxe6 Ne4 36. h3 Rc4 37. Qb8+ Qxb8 38. Bxb8 Rxd4 39. Be5 Rd2 40. f3 Nc5 41. Re8+ Kh7 42. Bc3 Rc2 43. R8e2 Rxe2 44. Rxe2 Rd7 45. Bb4 Nb3 46. Kf1 Kg6 47. Ke1 Kf6 48. Re3 Na1 49. Kd2 d4 50. Rd3 Ke5 51. Bc5 Rd5 52. b4 Kf5 53. Kc1 Re5 54. Bxd4 Re1+ 55. Kd2 Rh1 56. Bxg7 1-0

[Event "ONJK-B 2019"]
[Site "Borne"]
[Date "2019.08.07"]
[Round "4.6"]
[White "De Putter, Nina"]
[Black "Michielsen, Lies"]
[Result "1-0"]
[ECO "B31"]
[WhiteElo "1631"]
[BlackElo "1489"]
[Annotator "NA"]
[PlyCount "85"]
[EventDate "2019.08.05"]
[EventType "swiss"]
[EventCountry "NED"]
[SourceTitle "playchess.com"]
[Source "ChessBase"]
[SourceQuality "1"]
[TimeControl "5400+30"]

1. e4 c5 2. Nf3 Nc6 3. Bb5 g6 4. O-O Bg7 5. Re1 Nf6 6. e5 Ng4 7. Bxc6 bxc6 8. h3 Nh6 9. Nc3 O-O 10. Ne4 d6 11. d3 f6 12. exd6 exd6 13. Bf4 Nf7 14. d4 cxd4 15. Nxd4 f5 16. Nc3 Qb6 17. Nb3 d5 18. Be3 Qc7 19. Bc5 Nd6 20. Qd2 Nc4 21. Qe2 Nd6 22. Nd4 Rb8 23. Ne6 Bxe6 24. Qxe6+ Nf7 25. Bxf8 Bxf8 26. Rab1 Bg7 27. Na4 Rb4 28. Qe8+ Bf8 29. Nc5 Rb8 30. Na6 Rxe8 31. Nxc7 Rb8 32. Re8 Rxe8 33. Nxe8 Bc5 34. Nf6+ Kg7 35. Nd7 Bd6 36. Re1 Ng5 37. Ne5 c5 38. Nc6 a6 39. Re8 Ne4 40. Ra8 d4 41. Rxa6 Kf6 42. f3 Ng5 43. Nxd4 1-0

[Event "ONJK-B 2019"]
[Site "Borne"]
[Date "2019.08.07"]
[Round "4.7"]
[White "Ekker, Laurens"]
[Black "Olree, Alex"]
[Result "1-0"]
[ECO "B08"]
[WhiteElo "1614"]
[BlackElo "1411"]
[Annotator "NA"]
[PlyCount "83"]
[EventDate "2019.08.05"]
[EventType "swiss"]
[EventCountry "NED"]
[SourceTitle "playchess.com"]
[Source "ChessBase"]
[SourceQuality "1"]
[TimeControl "5400+30"]

1. e4 g6 2. d4 Bg7 3. Nf3 d6 4. Nc3 Nf6 5. Be3 c6 6. Bd3 Nbd7 7. O-O O-O 8. a4 e5 9. dxe5 dxe5 10. h3 Qe7 11. Nd2 Nc5 12. Bc4 Rd8 13. Qe2 Nh5 14. Qf3 Ne6 15. Nb3 Nd4 16. Bxd4 exd4 17. Ne2 Be6 18. Bxe6 fxe6 19. Qd3 c5 20. Nd2 e5 21. Nc4 Rf8 22. f3 Rae8 23. Na5 b6 24. Nc4 Kh8 25. b3 Qh4 26. Qd1 Rf7 27. Nd6 Ref8 28. Nxf7+ Rxf7 29. a5 b5 30. a6 Bh6 31. Qe1 Be3+ 32. Kh1 Qg5 33. g4 Rg7 34. h4 Qh6 35. gxh5 gxh5 36. Ng3 Rg6 37. Nf5 Qf4 38. Nxe3 Rg3 39. Qxg3 Qxg3 40. Nf5 Qg6 41. Rg1 Qc6 42. Ne7 1-0

[Event "ONJK-B 2019"]
[Site "Borne"]
[Date "2019.08.07"]
[Round "4.8"]
[White "Arnold, Kiri"]
[Black "Berghuis, Rowin"]
[Result "1-0"]
[ECO "C21"]
[WhiteElo "1590"]
[BlackElo "1081"]
[Annotator "NA"]
[PlyCount "83"]
[EventDate "2019.08.05"]
[EventType "swiss"]
[EventCountry "NED"]
[SourceTitle "playchess.com"]
[Source "ChessBase"]
[SourceQuality "1"]
[TimeControl "5400+30"]

1. e4 e5 2. d4 exd4 3. c3 Nc6 4. cxd4 d5 5. e5 f6 6. exf6 Nxf6 7. Be3 Bd6 8. Nf3 O-O 9. Nc3 Re8 10. Rc1 Bf4 11. Qd2 Ng4 12. Nd1 Qe7 13. Rc3 Na5 14. b3 b6 15. Be2 Bd6 16. O-O Bb4 17. Rxc7 Bxd2 18. Rxe7 Rxe7 19. Nxd2 Nf6 20. Bd3 Nc6 21. Nc3 Nb4 22. Bb1 Ng4 23. Bg5 Re8 24. a3 Nc6 25. Nxd5 Re2 26. Bd3 Rxd2 27. Bxd2 Nxd4 28. Bc4 Kh8 29. Nc7 Rb8 30. Bf4 Bf5 31. Ne6 Re8 32. Nxd4 Bg6 33. Nf3 h6 34. h3 Nf6 35. Ne5 Bf5 36. Nf7+ Kh7 37. Nd6 Rd8 38. Nxf5 Ne4 39. Re1 Nc5 40. Re7 Rd7 41. Rxd7 Nxd7 42. Bd6 1-0

[Event "ONJK-B 2019"]
[Site "Borne"]
[Date "2019.08.07"]
[Round "4.9"]
[White "Tiggelman, Laura"]
[Black "Nopper, Louis"]
[Result "0-1"]
[ECO "B07"]
[WhiteElo "1436"]
[BlackElo "1579"]
[Annotator "NA"]
[PlyCount "69"]
[EventDate "2019.08.05"]
[EventType "swiss"]
[EventCountry "NED"]
[SourceTitle "playchess.com"]
[Source "ChessBase"]
[SourceQuality "1"]
[TimeControl "5400+30"]

1. e4 d6 2. c3 Nf6 3. Nf3 Nxe4 4. Qa4+ Nc6 5. Qxe4 g6 6. d3 Bg7 7. g3 O-O 8. Bg2 Bf5 9. Qe2 e5 10. Nbd2 Re8 11. O-O Qd7 12. Re1 d5 13. Nh4 Bg4 14. Bf3 Be6 15. Nf1 f5 16. Rd1 d4 17. c4 a5 18. Bxc6 Qxc6 19. Nf3 Bd7 20. b3 Qd6 21. Bb2 c5 22. Qd2 Bc6 23. Ne1 Qc7 24. a3 e4 25. Nc2 b6 26. b4 a4 27. bxc5 bxc5 28. Rab1 Bb7 29. h4 Qc6 30. Ne1 e3 31. fxe3 Qh1+ 32. Kf2 dxe3+ 33. Nxe3 Bh6 34. N1g2 Qh2 35. Re1 0-1

[Event "ONJK-B 2019"]
[Site "Borne"]
[Date "2019.08.07"]
[Round "4.10"]
[White "Hooijmans, Max"]
[Black "Klein, Lucas"]
[Result "1/2-1/2"]
[ECO "B30"]
[WhiteElo "1559"]
[BlackElo "1481"]
[Annotator "NA"]
[PlyCount "80"]
[EventDate "2019.08.05"]
[EventType "swiss"]
[EventCountry "NED"]
[SourceTitle "playchess.com"]
[Source "ChessBase"]
[SourceQuality "1"]
[TimeControl "5400+30"]

1. e4 c5 2. c4 Nc6 3. Nc3 d6 4. Nf3 Bg4 5. h3 Bxf3 6. Qxf3 Nd4 7. Qd1 g6 8. Nd5 e6 9. Qa4+ Nc6 10. Nc3 Bg7 11. g3 Nge7 12. Bg2 O-O 13. O-O a6 14. d3 Qb6 15. Nd1 Ne5 16. Qc2 N7c6 17. f4 Nd4 18. Qd2 Nec6 19. Nc3 Qc7 20. g4 f5 21. exf5 exf5 22. Nd5 Qd8 23. g5 b5 24. Kh1 Ra7 25. Qf2 bxc4 26. dxc4 Rb7 27. Rb1 Qb8 28. b3 a5 29. Bb2 Rbf7 30. Bxd4 Bxd4 31. Qg3 Ne7 32. Nxe7+ Rxe7 33. Bd5+ Kh8 34. Rfe1 Rfe8 35. Rxe7 Rxe7 36. Re1 Qe8 37. Rxe7 Qxe7 38. Kh2 Qe2+ 39. Kh1 Qe3 40. Kh2 Qe2+ 1/2-1/2

[Event "ONJK-B 2019"]
[Site "Borne"]
[Date "2019.08.07"]
[Round "4.11"]
[White "Neirynck, Arthur"]
[Black "Van Hille, Clara"]
[Result "1-0"]
[ECO "C30"]
[WhiteElo "1514"]
[BlackElo "1391"]
[Annotator "NA"]
[PlyCount "47"]
[EventDate "2019.08.05"]
[EventType "swiss"]
[EventCountry "NED"]
[SourceTitle "playchess.com"]
[Source "ChessBase"]
[SourceQuality "1"]
[TimeControl "5400+30"]

1. e4 e5 2. f4 Bc5 3. Nf3 d6 4. c3 Bb6 5. d4 exd4 6. cxd4 Bg4 7. Be2 c6 8. Nc3 d5 9. e5 Nh6 10. Be3 Nf5 11. Bf2 Bxf3 12. Bxf3 Na6 13. Qd3 Nh4 14. O-O Nb4 15. Qe2 Nf5 16. Rad1 O-O 17. a3 Na6 18. g4 Nh4 19. Bh1 Ng6 20. f5 Ne7 21. Be3 Nc7 22. Qf2 Nb5 23. Qh4 Qd7 24. Rf3 1-0

[Event "ONJK-B 2019"]
[Site "Borne"]
[Date "2019.08.07"]
[Round "4.12"]
[White "Maas, Tristan"]
[Black "Wiggers, Yannick"]
[Result "1-0"]
[ECO "B40"]
[WhiteElo "1467"]
[BlackElo "1331"]
[Annotator "NA"]
[PlyCount "41"]
[EventDate "2019.08.05"]
[EventType "swiss"]
[EventCountry "NED"]
[SourceTitle "playchess.com"]
[Source "ChessBase"]
[SourceQuality "1"]
[TimeControl "5400+30"]

1. e4 c5 2. Nf3 e6 3. d4 cxd4 4. Nxd4 Nf6 5. Nc3 Bb4 6. e5 Nd5 7. Bd2 Bxc3 8. bxc3 Qc7 9. f4 a6 10. Qf3 b5 11. Bxb5 axb5 12. Nxb5 Qc5 13. Nd6+ Kf8 14. c4 Nc7 15. Nxc8 Nc6 16. Nd6 h5 17. Qe3 Qxe3+ 18. Bxe3 Rb8 19. O-O Rb2 20. Rfc1 Ke7 21. Bc5 1-0

[Event "ONJK-B 2019"]
[Site "Borne"]
[Date "2019.08.07"]
[Round "4.13"]
[White "Pol, Florian"]
[Black "Visser, Barto"]
[Result "0-1"]
[ECO "A38"]
[WhiteElo "1334"]
[BlackElo "1389"]
[Annotator "NA"]
[PlyCount "24"]
[EventDate "2019.08.05"]
[EventType "swiss"]
[EventCountry "NED"]
[SourceTitle "playchess.com"]
[Source "ChessBase"]
[SourceQuality "1"]
[TimeControl "5400+30"]

1. c4 c5 2. Nc3 Nc6 3. g3 Nf6 4. Bg2 g6 5. d3 Bg7 6. Nf3 d5 7. cxd5 Nxd5 8. Nxd5 Qxd5 9. O-O O-O 10. a3 Qh5 11. e4 Bg4 12. Rb1 Ne5 0-1

[Event "ONJK-B 2019"]
[Site "Borne"]
[Date "2019.08.07"]
[Round "4.14"]
[White "Schoonhoven, Mark"]
[Black "Decruyenaere, Laura"]
[Result "1-0"]
[ECO "C58"]
[WhiteElo "1275"]
[BlackElo "1382"]
[Annotator "NA"]
[PlyCount "129"]
[EventDate "2019.08.05"]
[EventType "swiss"]
[EventCountry "NED"]
[SourceTitle "playchess.com"]
[Source "ChessBase"]
[SourceQuality "1"]
[TimeControl "5400+30"]

1. e4 e5 2. Nf3 Nc6 3. Bc4 Nf6 4. Ng5 d5 5. exd5 Na5 6. Bb5+ c6 7. dxc6 bxc6 8. Ba4 Bd7 9. a3 h6 10. Nf3 Bd6 11. b4 Nb7 12. Bb2 Qc7 13. O-O O-O 14. Re1 Rfe8 15. d3 Bg4 16. Nbd2 Rac8 17. c4 Qb8 18. c5 Bf8 19. Nc4 Nd7 20. h3 Bh5 21. g4 Bg6 22. Nfxe5 Nxe5 23. Nxe5 Re6 24. Bb3 Rf6 25. Nd7 Qf4 26. Nxf6+ gxf6 27. Qc1 Qc7 28. Bc4 Bg7 29. Re3 Rd8 30. Qe1 Qd7 31. Qe2 Rf8 32. Re1 Rd8 33. Re7 Qc8 34. Re8+ Rxe8 35. Qxe8+ Qxe8 36. Rxe8+ Kh7 37. Re7 Nd8 38. f4 f5 39. Bxg7 Kxg7 40. Kf2 Kf6 41. Rxa7 Kg7 42. Rd7 Kf6 43. Rxd8 Ke7 44. Ra8 Kf6 45. Ra7 Kg7 46. Kg3 Kf6 47. Kh4 Kg7 48. gxf5 Bxf5 49. Rxf7+ Kg6 50. Rxf5 Kxf5 51. a4 Kxf4 52. a5 Ke5 53. a6 Kd4 54. a7 Kc3 55. a8=Q Kxb4 56. Qa7 Kc3 57. Kg4 Kd4 58. Qa1+ Kxc5 59. Kf4 Kd6 60. Qe5+ Kd7 61. Be6+ Ke7 62. Kf5 h5 63. Qc7+ Ke8 64. Qd7+ Kf8 65. Qf7# 1-0

[Event "ONJK-B 2019"]
[Site "Borne"]
[Date "2019.08.07"]
[Round "4.15"]
[White "Li-Behn, Tobias"]
[Black "Lauwers, Timo"]
[Result "1-0"]
[ECO "B51"]
[WhiteElo "1264"]
[BlackElo "1364"]
[Annotator "NA"]
[PlyCount "119"]
[EventDate "2019.08.05"]
[EventType "swiss"]
[EventCountry "NED"]
[SourceTitle "playchess.com"]
[Source "ChessBase"]
[SourceQuality "1"]
[TimeControl "5400+30"]

1. e4 c5 2. Nf3 Nc6 3. Bb5 d6 4. c3 Bd7 5. d4 cxd4 6. Nxd4 Nf6 7. Nd2 Qb6 8. Qa4 e5 9. N4f3 a6 10. Bd3 Nd4 11. Qd1 Ne6 12. Nc4 Qc6 13. Qc2 Nc5 14. Nfd2 Be6 15. f3 Rc8 16. Be2 Be7 17. O-O O-O 18. Ne3 d5 19. exd5 Nxd5 20. Nxd5 Bxd5 21. c4 Be6 22. b3 Bf6 23. Bb2 g6 24. Ne4 Nxe4 25. fxe4 Bg7 26. Rad1 Qc5+ 27. Kh1 b5 28. Qc1 bxc4 29. Ba3 Qc6 30. Bxf8 Bxf8 31. Bxc4 Bxc4 32. Qxc4 Qxc4 33. bxc4 Rxc4 34. Rfe1 Ra4 35. Re2 Kg7 36. g4 Kf6 37. h4 Be7 38. g5+ Ke6 39. Rb1 Bc5 40. Kg2 Rc4 41. Rb8 Bd4 42. Ra8 Rc6 43. Rh8 Rb6 44. Rxh7 Rc6 45. h5 gxh5 46. Rh6+ Kd7 47. Rxc6 Kxc6 48. Kh3 Kb5 49. Rc2 Be3 50. Kh4 Kb4 51. Kxh5 a5 52. Kg4 Ka3 53. Kf5 Bf4 54. Rc7 a4 55. Rxf7 Kxa2 56. g6 a3 57. g7 Kb1 58. g8=Q Bc1 59. Qg1 a2 60. Ra7 1-0

[Event "ONJK-B 2019"]
[Site "Borne"]
[Date "2019.08.07"]
[Round "4.16"]
[White "Kroon, Lindert"]
[Black "Borgelioen, Elise"]
[Result "0-1"]
[ECO "C50"]
[WhiteElo "1076"]
[BlackElo "1342"]
[Annotator "NA"]
[PlyCount "106"]
[EventDate "2019.08.05"]
[EventType "swiss"]
[EventCountry "NED"]
[SourceTitle "playchess.com"]
[Source "ChessBase"]
[SourceQuality "1"]
[TimeControl "5400+30"]

1. e4 e5 2. Nf3 Nc6 3. Bc4 h6 4. O-O Bc5 5. Nc3 d6 6. h3 Nf6 7. d3 O-O 8. a3 Be6 9. Bxe6 fxe6 10. b4 Bd4 11. Nxd4 Nxd4 12. Ne2 Nxe2+ 13. Qxe2 c6 14. c4 Qc7 15. Qa2 Rad8 16. Be3 b6 17. c5 d5 18. cxb6 axb6 19. a4 Ra8 20. f3 Ra6 21. Rfc1 Qb7 22. Rab1 Rfa8 23. Ra1 Nh5 24. Rcb1 Qc7 25. Rc1 Qd6 26. b5 cxb5 27. g4 Nf6 28. d4 exd4 29. Bxd4 e5 30. Be3 Kh8 31. exd5 Qxd5 32. Qc2 Qxf3 33. Qd3 e4 34. Qd4 Qg3+ 35. Kh1 Qxh3+ 36. Kg1 Nxg4 37. Bf4 e3 38. Rc2 Nf2 39. Qd5 Qg4+ 40. Kf1 Qxf4 41. Rac1 Nd3+ 42. Kg2 Nxc1 43. Rxc1 Qg4+ 44. Kf1 Rf8+ 45. Ke1 Qg3+ 46. Ke2 Rf2+ 47. Kd3 e2+ 48. Kd4 Rf4+ 49. Ke5 Rg4+ 50. Ke6 e1=Q+ 51. Rxe1 Qxe1+ 52. Kf7 Ra7+ 53. Kf8 Qe7# 0-1

[Event "ONJK-B 2019"]
[Site "Borne"]
[Date "2019.08.07"]
[Round "5.1"]
[White "Albertus, Bram"]
[Black "Maters, Arthur"]
[Result "0-1"]
[ECO "A25"]
[WhiteElo "1841"]
[BlackElo "2041"]
[Annotator "NA"]
[PlyCount "108"]
[EventDate "2019.08.05"]
[EventType "swiss"]
[EventCountry "NED"]
[SourceTitle "playchess.com"]
[Source "ChessBase"]
[SourceQuality "1"]
[TimeControl "5400+30"]

1. c4 e5 2. g3 Nc6 3. Bg2 f5 4. Nc3 Nf6 5. e3 d5 6. cxd5 Nb4 7. d3 Nfxd5 8. Nxd5 Nxd5 9. Nf3 Bd6 10. O-O Be6 11. e4 fxe4 12. dxe4 Nb6 13. b3 Bg4 14. h3 Bh5 15. Bb2 Qe7 16. Qc2 O-O 17. Nh4 g6 18. Rac1 c6 19. f3 Qg5 20. Qf2 Be7 21. Rcd1 Rae8 22. Bc3 Qf6 23. Qb2 Qe6 24. Bxe5 Bxh4 25. Bh8 Bf6 26. Bxf6 Rxf6 27. g4 Bxg4 28. fxg4 Ref8 29. Rxf6 Qxf6 30. Qxf6 Rxf6 31. Rd8+ Kg7 32. Rb8 Rf7 33. Kh2 a5 34. a4 Kf6 35. e5+ Kxe5 36. Bxc6 Kd6 37. Bxb7 Kc7 38. Bd5 Nxd5 39. Rb5 Kc6 40. Rxa5 Rb7 41. Ra6+ Kc5 42. Ra5+ Kd4 43. Ra8 Ke4 44. a5 Rxb3 45. Re8+ Kf3 46. a6 Ra3 47. Rd8 Nf4 48. Rb8 Ra2+ 49. Kh1 Nxh3 50. Rb3+ Kxg4 51. Rb4+ Nf4 52. Rb7 Rxa6 53. Rxh7 Kg3 54. Rh6 Ra1# 0-1

[Event "ONJK-B 2019"]
[Site "Borne"]
[Date "2019.08.07"]
[Round "5.2"]
[White "Mainka, Alwin"]
[Black "Klaren, Oscar"]
[Result "1-0"]
[ECO "B33"]
[WhiteElo "1989"]
[BlackElo "1737"]
[Annotator "NA"]
[PlyCount "81"]
[EventDate "2019.08.05"]
[EventType "swiss"]
[EventCountry "NED"]
[SourceTitle "playchess.com"]
[Source "ChessBase"]
[SourceQuality "1"]
[TimeControl "5400+30"]

1. e4 c5 2. Nf3 Nc6 3. d4 cxd4 4. Nxd4 Nf6 5. Nc3 e5 6. Ndb5 d6 7. Bg5 a6 8. Na3 b5 9. Nd5 Be7 10. Bxf6 Bxf6 11. Be2 O-O 12. O-O Bg5 13. c3 Be6 14. Bf3 Ne7 15. Nxe7+ Qxe7 16. Nc2 Rad8 17. Re1 Qd7 18. Ne3 Bxe3 19. Rxe3 Kh8 20. a4 f5 21. exf5 Bxf5 22. axb5 axb5 23. Bd5 Be6 24. Bxe6 Qxe6 25. Qd3 Qb3 26. Rh3 h6 27. Ra7 Rf6 28. Qd2 Rdf8 29. Re7 Kg8 30. Rg3 R6f7 31. Rxf7 Rxf7 32. Rd3 Ra7 33. h3 Ra2 34. Rxd6 Rxb2 35. Rd8+ Kf7 36. Qd7+ Kg6 37. Qg4+ Kf6 38. Rd6+ Ke7 39. Qd7+ Kf8 40. Rc6 Kg8 41. Qe8+ 1-0

[Event "ONJK-B 2019"]
[Site "Borne"]
[Date "2019.08.07"]
[Round "5.3"]
[White "Rogge, Parcival"]
[Black "De Putter, Nina"]
[Result "1-0"]
[ECO "B01"]
[WhiteElo "1743"]
[BlackElo "1631"]
[Annotator "NA"]
[PlyCount "51"]
[EventDate "2019.08.05"]
[EventType "swiss"]
[EventCountry "NED"]
[SourceTitle "playchess.com"]
[Source "ChessBase"]
[SourceQuality "1"]
[TimeControl "5400+30"]

1. e4 d5 2. exd5 Nf6 3. d4 Nxd5 4. Nf3 g6 5. c4 Nb6 6. h3 Bg7 7. Be3 O-O 8. Nc3 Nc6 9. d5 Ne5 10. Nxe5 Bxe5 11. Bd4 Bxd4 12. Qxd4 c6 13. Rd1 cxd5 14. cxd5 Nd7 15. Bc4 b6 16. O-O Nf6 17. Rfe1 Bb7 18. Re3 Rc8 19. Rde1 e6 20. d6 Nd7 21. Bb3 Nc5 22. Bc2 Qd7 23. b4 Na6 24. Bb3 Rfd8 25. Rxe6 Qc6 26. Nd5 1-0

[Event "ONJK-B 2019"]
[Site "Borne"]
[Date "2019.08.07"]
[Round "5.4"]
[White "Nopper, Louis"]
[Black "Baselmans, Daan"]
[Result "0-1"]
[ECO "A24"]
[WhiteElo "1579"]
[BlackElo "1720"]
[Annotator "NA"]
[PlyCount "59"]
[EventDate "2019.08.05"]
[EventType "swiss"]
[EventCountry "NED"]
[SourceTitle "playchess.com"]
[Source "ChessBase"]
[SourceQuality "1"]
[TimeControl "5400+30"]

1. c4 Nf6 2. Nc3 g6 3. Nf3 Bg7 4. e4 d6 5. g3 e5 6. Bg2 O-O 7. O-O Nbd7 8. d3 Ne8 9. Be3 f5 10. Qc1 Nef6 11. exf5 gxf5 12. Ng5 Re8 13. f4 Nf8 14. fxe5 dxe5 15. Nd5 c6 16. Nxf6+ Qxf6 17. Nf3 Ne6 18. Rb1 Rd8 19. Qc3 f4 20. Bf2 Qf5 21. Ne1 Ng5 22. Bc5 e4 23. Qa3 f3 24. dxe4 Nxe4 25. Nxf3 Qxc5+ 26. Qxc5 Nxc5 27. b3 Bf5 28. Rbd1 Rxd1 29. Rxd1 Re8 30. Nd4 0-1

[Event "ONJK-B 2019"]
[Site "Borne"]
[Date "2019.08.07"]
[Round "5.5"]
[White "Van Weerden, Jur"]
[Black "Arnold, Kiri"]
[Result "0-1"]
[ECO "B24"]
[WhiteElo "1676"]
[BlackElo "1555"]
[Annotator "NA"]
[PlyCount "132"]
[EventDate "2019.08.05"]
[EventType "swiss"]
[EventCountry "NED"]
[SourceTitle "playchess.com"]
[Source "ChessBase"]
[SourceQuality "1"]
[TimeControl "5400+30"]

1. e4 c5 2. Nc3 Nc6 3. Nge2 e5 4. g3 g6 5. Bg2 Bg7 6. O-O d6 7. Nd5 Nge7 8. Nec3 O-O 9. Nxe7+ Nxe7 10. d3 Be6 11. Be3 Qc7 12. Qd2 Rad8 13. Bg5 f6 14. Be3 d5 15. exd5 Nxd5 16. Nxd5 Bxd5 17. f3 b6 18. a4 Bc6 19. a5 Qb7 20. Ra3 f5 21. Bh6 b5 22. Bxg7 Qxg7 23. Qe3 b4 24. Raa1 Qe7 25. Rfe1 Rfe8 26. a6 Rb8 27. Ra5 Rb5 28. Rea1 Qd6 29. Qf2 Reb8 30. R5a2 b3 31. cxb3 Rxb3 32. Bf1 Qd5 33. Rc1 R3b5 34. d4 Rb4 35. Ra5 Qxf3 36. Qxf3 Bxf3 37. dxe5 Rxb2 38. Raxc5 Rb1 39. Rxb1 Rxb1 40. Rc8+ Kf7 41. Rc7+ Ke6 42. Kf2 Be4 43. Rxa7 Kxe5 44. Rxh7 Rb2+ 45. Ke3 g5 46. Re7+ Kd6 47. Re8 Rxh2 48. Be2 Rh1 49. Rxe4 fxe4 50. Kxe4 Re1 51. Kf3 Ke5 52. Bb5 Ra1 53. Kg4 Ra5 54. Bd3 Kf6 55. Kf3 Ra4 56. Ke3 Ke5 57. Kd2 Kd4 58. g4 Ra2+ 59. Bc2 Rxa6 60. Ke2 Ra2 61. Kd2 Ke5 62. Kd3 Rxc2 63. Kxc2 Kf4 64. Kd2 Kxg4 65. Ke2 Kg3 66. Kf1 Kh2 0-1

[Event "ONJK-B 2019"]
[Site "Borne"]
[Date "2019.08.07"]
[Round "5.6"]
[White "Molanus, Lennart"]
[Black "Ekker, Laurens"]
[Result "1-0"]
[ECO "D34"]
[WhiteElo "1619"]
[BlackElo "1614"]
[Annotator "NA"]
[PlyCount "65"]
[EventDate "2019.08.05"]
[EventType "swiss"]
[EventCountry "NED"]
[SourceTitle "playchess.com"]
[Source "ChessBase"]
[SourceQuality "1"]
[TimeControl "5400+30"]

1. d4 d5 2. c4 e6 3. Nc3 c5 4. cxd5 exd5 5. Nf3 Nf6 6. g3 Nc6 7. Bg2 Be7 8. O-O O-O 9. Bg5 cxd4 10. Nxd4 h6 11. Be3 Re8 12. Qb3 Bf8 13. Bxd5 Nxd5 14. Qxd5 Nxd4 15. Bxd4 Qxd5 16. Nxd5 Rxe2 17. Nc7 Bh3 18. Nxa8 Bxf1 19. Kxf1 Re4 20. Be3 Bd6 21. Rd1 Re6 22. Bxa7 Be5 23. Rd8+ Kh7 24. Bd4 Bxd4 25. Rxd4 Ra6 26. Nc7 Rxa2 27. Rb4 Ra7 28. Nb5 Ra1+ 29. Kg2 Ra6 30. Nc7 Ra7 31. Rb6 Kg8 32. Nb5 Ra2 33. Nd6 1-0

[Event "ONJK-B 2019"]
[Site "Borne"]
[Date "2019.08.07"]
[Round "5.7"]
[White "Hubers, Daan"]
[Black "Neirynck, Arthur"]
[Result "1-0"]
[ECO "A00"]
[WhiteElo "1512"]
[BlackElo "1514"]
[Annotator "NA"]
[PlyCount "163"]
[EventDate "2019.08.05"]
[EventType "swiss"]
[EventCountry "NED"]
[SourceTitle "playchess.com"]
[Source "ChessBase"]
[SourceQuality "1"]
[TimeControl "5400+30"]

1. b4 e5 2. Bb2 Bxb4 3. Bxe5 Nf6 4. e3 O-O 5. Nf3 Nc6 6. Bb2 d5 7. a3 Ba5 8. Be2 Bf5 9. h3 Qd6 10. Nh4 Bd7 11. Nc3 Rfe8 12. Bg4 Ne4 13. Nxe4 dxe4 14. O-O Rad8 15. Bxd7 Rxd7 16. Nf5 Qg6 17. Nd4 Ne5 18. Qe2 c6 19. a4 Bc7 20. a5 Qd6 21. f4 exf3 22. Nxf3 Nxf3+ 23. Rxf3 Qxd2 24. Qxd2 Rxd2 25. Bd4 Be5 26. c3 Bxd4 27. cxd4 f6 28. Kf1 Kf7 29. g4 Re7 30. Ra4 Ke6 31. e4 Kd7 32. Re3 Kd6 33. Ke1 Rh2 34. Kd1 Rd7 35. Rd3 Ke6 36. Ke1 Rf7 37. Raa3 Rc7 38. Rdc3 Rb2 39. Ra4 Kd6 40. Rf3 b6 41. Rf5 b5 42. Ra3 b4 43. Ra4 Rb7 44. a6 Rb8 45. g5 Ke6 46. gxf6 gxf6 47. Rc5 Kd6 48. Rh5 Rg8 49. Kf1 Rg7 50. Rh6 Ke7 51. e5 fxe5 52. dxe5 Kd7 53. Ra5 b3 54. Rd6+ Kc7 55. Rc5 Rc2 56. Rdxc6+ Kd7 57. Rxc2 bxc2 58. Rxc2 Ke6 59. Rb2 Kxe5 60. Rb7 Rg6 61. Rxa7 Kf5 62. Kf2 Kg5 63. Kf3 Kh6 64. h4 Rc6 65. Kf4 Rc5 66. Rb7 Ra5 67. a7 Kg6 68. Ke4 h6 69. Kd4 Kh5 70. Rh7 Kxh4 71. Rxh6+ Kg5 72. Rh7 Kf6 73. Kc4 Ke6 74. Kb4 Ra2 75. Kb5 Kd6 76. Kb6 Rb2+ 77. Ka6 Ra2+ 78. Kb7 Rb2+ 79. Kc8 Rc2+ 80. Kb8 Rb2+ 81. Rb7 Re2 82. a8=Q 1-0

[Event "ONJK-B 2019"]
[Site "Borne"]
[Date "2019.08.07"]
[Round "5.8"]
[White "Visser, Barto"]
[Black "Hooijmans, Max"]
[Result "0-1"]
[ECO "C35"]
[WhiteElo "1342"]
[BlackElo "1559"]
[Annotator "NA"]
[PlyCount "44"]
[EventDate "2019.08.05"]
[EventType "swiss"]
[EventCountry "NED"]
[SourceTitle "playchess.com"]
[Source "ChessBase"]
[SourceQuality "1"]
[TimeControl "5400+30"]

1. e4 e5 2. f4 exf4 3. Nf3 Be7 4. h4 Nf6 5. Nc3 Nh5 6. Bc4 O-O 7. d4 d6 8. Nd5 Be6 9. Nxe7+ Qxe7 10. Ng5 Ng3 11. Nxe6 fxe6 12. Rh3 Nxe4 13. Qh5 d5 14. Bd3 Nc6 15. c3 e5 16. dxe5 Qxe5 17. Qxe5 Nxe5 18. Bc2 f3 19. g4 f2+ 20. Kf1 Nxg4 21. Bxe4 dxe4 22. Rg3 Nh2+ 0-1